 Dungeon Crawl Stone Soup version 0.30-b1-2-g02819fbbbe (webtiles) character file.

Game seed: 4439159481188372493

9 Alarkh the Vexing (level 2, 21/21 HPs)
             Began as a Demonspawn Hexslinger on July 7, 2023.
             Got out of the dungeon alive.
             The game lasted 00:00:14 (255 turns).

Alarkh the Vexing (Demonspawn Hexslinger)            Turns: 255, Time: 00:00:14

Health: 21/21      AC:  2    Str: 10    XL:     2   Next: 6%
Magic:  3/3        EV: 12    Int: 14    God:
Gold:   0          SH:  0    Dex: 13    Spells: 2/3 levels left

rFire   . . .        a - +1 sling
rCold   . . .        (no shield)
rNeg    . . .        c - +0 robe
rPois   .            (no helmet)
rElec   .            (no cloak)
rCorr   .            (no gloves)
SInv    .            (no boots)
Will    .....        (no amulet)
Stlth   +            (no ring)
HPRegen 0.23/turn    (no ring)
MPRegen 0.08/turn

%: no passive effects
@: no status effects
A: ignite blood 1
a: no special abilities


You escaped.
You visited 1 branch of the dungeon, and saw 1 of its levels.

Inventory:

Hand Weapons
 a - a +1 sling (weapon)
Armour
 c - a +0 robe (worn)
Scrolls
 b - 2 scrolls of poison
 f - a scroll of silence {unknown}
Potions
 d - 2 potions of lignification {unknown}
 e - a potion of invisibility {unknown}


   Skills:
 - Level 1.0 Fighting
 + Level 2.5 Ranged Weapons
 - Level 1.7 Dodging
 - Level 1.0 Spellcasting
 - Level 3.0 Hexes


You had 2 spell levels left.
You knew the following spells:

 Your Spells              Type           Power      Damage    Failure   Level
a - Slow                  Hex            36%        N/A       8%          1

Your spell library contained the following spells:

 Spells                   Type           Power      Damage    Failure   Level
 Inner Flame              Hex/Fire       4%         N/A       38%         3
 Portal Projectile        Hex/Tloc       8%         N/A       38%         3
 Cause Fear               Hex            4%         N/A       58%         4


Dungeon Overview and Level Annotations

Branches:
Dungeon (1/15)

Altars:


Innate Abilities, Weirdness & Mutations

Your demonic aura sometimes causes spilled blood to erupt in flames.


Message History

You shoot a sling bullet. The sling bullet hits the endoplasm.
The endoplasm is lightly wounded.
You shoot a sling bullet. The sling bullet hits the endoplasm.
The endoplasm is lightly wounded.
You shoot a sling bullet. The sling bullet hits the endoplasm!
You kill the endoplasm!
You have reached level 2!
Your demonic ancestry asserts itself...
Your blood heats up.
Found a plate armour.
f - a scroll labelled QUENEL ORPHUAZE A hobgoblin comes into view.
It is wielding a +0 dagger.
You shoot a sling bullet. The hobgoblin shouts!
The sling bullet hits the hobgoblin.
The hobgoblin is lightly wounded.
You shoot a sling bullet.
The sling bullet barely misses the hobgoblin.
You shoot a sling bullet.
The sling bullet hits the hobgoblin but does no damage.
The hobgoblin is lightly wounded.
You shoot a sling bullet. The sling bullet hits the hobgoblin.
The hobgoblin is severely wounded.
You shoot a sling bullet.
The sling bullet closely misses the hobgoblin.
The hobgoblin hits you with a +0 dagger.
You shoot a sling bullet.
The sling bullet closely misses the hobgoblin.
The hobgoblin hits you with a +0 dagger.
You shoot a sling bullet. The sling bullet hits the hobgoblin.
You kill the hobgoblin!
No target in view!
Unknown command.
You open the door.
There is an open door here.
You see here a stone.
There is an open door here.
There is a staircase leading out of the dungeon here.
Are you sure you want to leave the Dungeon?
This will make you lose the game!
You have escaped!

......)...## ........... .
..........###..# #.#
..............# #.#
..........# .. #.#
......)...##. #.#
..........#..########.#
...?......#.##.....##.# #####
...)......#.#...@...#.# #...#
###.......#.##...(.##.####.#.#
......##...####'###.......#.#
#..#....#..###.....###..####.#
#..#.#....##.((.((((.##.# #.#
#.#....'....(8.(.(.'.# #.# #
#....##..((.((((#### #.#
#....####(.(.(### #.#
####.########## #.#


There were no monsters in sight!

Vanquished Creatures
  2 endoplasms (D:1)
  A hobgoblin (D:1)
  A kobold (D:1)
  A ball python (D:1)
  3 bats (D:1)
  A rat (D:1)
9 creatures vanquished.

Notes
Turn   | Place    | Note
-------+----------+-------------------------------------------
     0 | D:1      | Alarkh the Demonspawn Hexslinger began the quest for the
                  | Orb.
     0 | D:1      | Reached XP level 1. HP: 15/15 MP: 2/2
   225 | D:1      | Gained mutation: Your demonic aura sometimes causes spilled
                  | blood to erupt in flames. [demonic ancestry]
   225 | D:1      | Reached XP level 2. HP: 21/21 MP: 3/3
   255 | D:$      | Got out of the dungeon alive.

Illustrated notes

Levels and vault maps discovered:
D:1:      minmay_arrival_shattered_statue, layout_basic

Skill      XL: |  1 |
---------------+----+-----
Ranged Weapons | 2 |  2.5
Fighting       | |  1.0
Dodging        | |  1.7
Spellcasting   | |  1.0
Hexes          | |  3.0

Action                     || total
---------------------------++-------
   Fire: Sling             ||    27
 Armour: Robe              ||     2
  Dodge: Dodged            ||     2
